cohdb
Replays
Latest Replays
All Replays
Popular Replays
Top Player Replays
Match Explorer
How It Works
Community
CoH3 Stats
Reddit
Sign in to upload your games and track your stats! →
Sign in with Steam
Match 44085657
Unlisted
Match 44085657
Overview
Messages
Build Orders
End
Royal Engineer Section
Construct Section Command Post
Infantry Section
Infantry Section
Infantry Section
Grenade Package
Selects Indian Artillery Battlegroup
Selects Towed ML 4.2-inch Heavy Mortar
Towed ML 4.2-inch Heavy Mortar
Construct Platoon Command Post
CMP 15cwt Truck
Unlock M3 Stuart Light Tanks
M3 Stuart Light Tank
M3 Stuart Light Tank
Light Vehicle Training
Construct Company Command Post
Selects War Cry
Selects Gurkha Rifles Section
Selects Volunteer Infantry
Unlock M3 Grant Medium Tanks
Foot Guards Section
M3 Grant Medium Tank
Royal Engineer Section
Zerglou
Kraiter
Onderbroek
Candy
RhumsteaK
King Raptor
SHELDONATOR
Gods
0
0
Comments
sign in to comment!
No comments posted yet!